 Dungeon Crawl Stone Soup version 0.29.1-15-g9cfb28693d (webtiles) character file.

Game seed: 15800986419722769841

1001 leafyfresh the Transmogrifier (level 8, 0/48 (53) HPs)
             Began as an Octopode Delver on Mar 4, 2023.
             Slain by a wight
             ... wielding a +0 long sword
              (2 damage)
             ... on level 6 of the Dungeon on Mar 5, 2023.
             The game lasted 00:11:04 (6509 turns).

leafyfresh the Transmogrifier (Octopode Delver)     Turns: 6509, Time: 00:11:06

HP:   0/48 (53)     AC:  6    Str: 11    XL:     8   Next: 20%
MP:   3/8           EV: 20    Int: 14    God:
Gold: 423           SH:  0    Dex: 19    Spells: 4/7 levels left

rFire   . . .      SeeInvis .   (weapon currently unavailable)
rCold   . . .      Faith    .   (shield currently unavailable)
rNeg    . . .      Spirit   .   (helmet currently unavailable)
rPois   x          Reflect  .   (no amulet)
rElec   .          Harm     .   s - ring of flight
rCorr   .          Rampage  .   t - +4 ring of protection
Will    .....                   (no ring)
Stlth   ++++......              (no ring)
HPRegen 0.16/turn               (no ring)
MPRegen 0.11/turn               (no ring)
                                (no ring)
                                (no ring)

@: about to teleport, spider-form (expiring), flying, drained
A: venomous fangs, almost no armour, (amphibious), 8 rings, tiny, (camouflage
1), (gelatinous body 1), (nimble swimmer 1), (tentacles)
a: End Transformation


You were on level 6 of the Dungeon.
You were a venomous arachnid creature.
You visited 1 branch of the dungeon, and saw 6 of its levels.

You collected 423 gold pieces.

Inventory:

Hand Weapons
 a - a +0 short sword (melded)
Armour
 k - a +2 hat (melded)
Magical Staves
 m - a staff of cold
Jewellery
 s - a ring of flight (left front leg)
 t - a +4 ring of protection (right front leg)
 A - an amulet of guardian spirit
Wands
 f - a wand of digging (3)
 i - a wand of quicksilver (21)
 v - a wand of iceblast (15)
 y - a wand of polymorph (4)
Scrolls
 b - 2 scrolls of fog
 c - 2 scrolls of magic mapping
 d - 2 scrolls of fear
 j - 2 scrolls of blinking
 p - a scroll of torment
 q - a scroll of teleportation
 r - a scroll of amnesia
 u - a scroll of silence
 B - a scroll of poison {unknown}
Potions
 e - 2 potions of haste
 g - a potion of invisibility
 l - a potion of ambrosia
 o - a potion of magic
 w - a potion of heal wounds {unknown}
 x - 2 potions of cancellation {unknown}
 z - a potion of attraction {unknown}
 C - a potion of mutation {unknown}


   Skills:
 - Level 3.6 Fighting
 - Level 2.1 Short Blades
 - Level 2.8 Dodging
 - Level 7.3 Stealth
 + Level 8.3 Transmutations


You had 4 spell levels left.
You knew the following spells:

 Your Spells              Type           Power      Damage    Failure   Level
a - Spider Form           Tmut/Pois      11%        N/A       34%         3

Your spell library contained the following spells:

 Spells                   Type           Power      Damage    Failure   Level
 Beastly Appendage        Tmut           46%        N/A       4%          1
 Wereblood                Tmut           23%        N/A       6%          2
 Frozen Ramparts          Ice            0%         1d1       83%         3
 Ozocubu's Armour         Ice            0%         N/A       83%         3
 Leda's Liquefaction      Hex/Erth       0%         N/A       99%         4
 Summon Ice Beast         Ice/Summ       0%         N/A       99%         4
 Blade Hands              Tmut           11%        N/A       47%         5
 Lee's Rapid Deconstruct  Erth           0%         3d5*      100%        5
 Statue Form              Tmut/Erth      7%         N/A       100%        6
 Ozocubu's Refrigeration  Ice            0%         4d7       100%        7


Dungeon Overview and Level Annotations

Branches:
Dungeon (6/15)
 Temple: D:4-7

Altars:
Okawaru

Shops:
D:4 =


Innate Abilities, Weirdness & Mutations

You are a venomous arachnid creature.
You have poisonous fangs.
You are tiny and dextrous.
Your spellcasting is less reliable in this form.
Your armour is entirely melded.
You are incapable of wielding weapons or throwing items.
You cannot wear most types of armour.
((You are amphibious.))
You can wear up to eight rings at the same time.
((Your skin changes colour to match your surroundings (Stealth+).))
((Your rubbery body absorbs attacks. (AC +1, EV +1)))
((You are camouflaged when in or above water. (Stealth+)))
((You have tentacles for arms and can constrict up to eight enemies at once.))


Message History

You hear a shout!
An orc priest comes into view. It is wielding a +0 dagger.
The wight completely misses you.
You hit the wight but do no damage.
The wight is moderately damaged.
An orc priest comes into view. It is wielding a +0 hand axe.
The orc wizard points at you and mumbles some strange words.
The puff of flame hits you! The wight misses you.
You hit the wight but do no damage.
The wight is moderately damaged.
The orc wizard casts a spell at you. The magic dart hits you.
The wight hits you with a +0 long sword.
You feel drained.
You are too injured to fight recklessly!
Unknown command.
You hit the wight.
The wight is heavily damaged.
The orc wizard misses you.
The wight hits you with a +0 long sword.
You hit the wight but do no damage.
The wight is heavily damaged.
Your transformation is almost over.
The orc wizard barely misses you.
The wight hits you with a +0 long sword.
* * * LOW HITPOINT WARNING * * *
Your magical contamination has completely faded away.
You hit the wight but do no damage.
The wight is heavily damaged.
The orc wizard barely misses you.
The wight hits you with a +0 long sword.
* * * LOW HITPOINT WARNING * * *
Unknown command.
As you read the scroll of teleportation, it crumbles to dust.
You feel strangely unstable. The orc completely misses you.
The orc wizard hits you but does no damage.
The wight hits you with a +0 long sword!
* * * LOW HITPOINT WARNING * * *
You feel drained.
You die...

###### #....#
##....# ##.....#
####......##
####oooo#.....###
#.zso########...####
#.#### #.......
########.# #.#..###
#...)..z.# #.##..##
#........## #.###...
#.........# #.# ###.
#.<.....#.# #.# #.
#.......#... ##.#
##. #.......#####
...####..


You could see a wight, 2 orc priests, an orc wizard and 2 orcs.

Vanquished Creatures
  Sigmund (D:5)
  A black bear (D:6)
  A phantom (D:5)
  A kobold brigand (D:5)
  Blork the orc (D:5)
  A bullfrog (D:6)
  A scorpion (D:5)
  2 howler monkeys
  A hound (D:5)
  An orc priest (D:4)
  Natasha (twice) (D:2)
  An iguana (D:5)
  An orc wizard (D:5)
  10 adders
  2 shadow imps (D:5)
  2 ufetubi (D:5)
  2 worms
  2 dart slugs
  9 orcs
  3 bats
  6 endoplasms
  3 giant cockroaches
  7 goblins
  5 hobgoblins
  2 quokkas
  6 ball pythons
  4 frilled lizards (D:2)
  7 kobolds
  6 rats
91 creatures vanquished.

Notes
Turn   | Place    | Note
-------+----------+-------------------------------------------
     0 | D:5      | leafyfresh the Octopode Delver began the quest for the Orb.
     0 | D:5      | Reached XP level 1. HP: 16/16 MP: 1/1
     3 | D:5      | Noticed Blork the orc
   540 | D:2      | Reached XP level 2. HP: 21/21 MP: 2/2
   780 | D:2      | Reached XP level 3. HP: 13/26 MP: 3/3
  1152 | D:2      | Reached XP level 4. HP: 27/32 MP: 4/4
  1166 | D:2      | Learned a level 3 spell: Spider Form
  1433 | D:2      | Found a faded altar of an unknown god.
  1479 | D:2      | Noticed Natasha
  1493 | D:2      | Killed Natasha
  1494 | D:2      | Reached skill level 1 in Transmutations
  1566 | D:2      | Noticed Natasha
  1640 | D:2      | Killed Natasha
  1641 | D:2      | Reached skill level 2 in Transmutations
  1641 | D:2      | Reached XP level 5. HP: 33/36 MP: 5/5
  1961 | D:1      | You fall into a shaft and drop 1 floor!
  2035 | D:3      | Got Sif Muna's Codex of the Chill and Transmutation
  2263 | D:3      | Reached skill level 3 in Transmutations
  2938 | D:4      | Found Ususid's Jewellery Shop.
  3279 | D:4      | Reached skill level 4 in Transmutations
  3283 | D:4      | Reached XP level 6. HP: 15/42 MP: 3/6
  3500 | D:4      | Found an iron altar of Okawaru.
  4648 | D:5      | Killed Blork the orc
  4649 | D:5      | Reached skill level 5 in Transmutations
  4997 | D:5      | Found a large runed translucent door.
  4998 | D:5      | Found a large runed translucent door.
  5130 | D:5      | Noticed Sigmund
  5251 | D:5      | Killed Sigmund
  5252 | D:5      | Reached skill level 6 in Transmutations
  5252 | D:5      | Reached XP level 7. HP: 46/46 MP: 4/7
  5477 | D:5      | Reached skill level 7 in Transmutations
  5802 | D:5      | Identified the +4 mace "Goblinslayer" {vorpal, rElec Str+2
                  | Dex-4}
  6011 | D:6      | Reached XP level 8. HP: 53/53 MP: 8/8
  6027 | D:6      | Reached skill level 8 in Transmutations
  6509 | D:6      | HP: 2/50 [wight/+0 long sword (7)]
  6509 | D:6      | Slain by a wight

Illustrated notes

Levels and vault maps discovered:
D:1:      dpeg_arrival_rhombus, layout_basic, minmay_distorted
D:2:      layout_basic, nicolae_ecumenical_oubliette, minmay_joined_circles,
          uniq_natasha
D:3:      layout_basic, kennysheep_another_room, grunt_decor_arrowhead
D:4:      layout_basic, okawaru_metal_pillars_1_2, serial_corexii_hall,
          corexii_hall_statues_t, corexii_hall_statues_l,
          chequers_hall_statues_corner_a, chequers_hall_statues_y,
          nicolae_stop_n_shop_2
D:5:      layout_basic, jmf_multi_god_temple2, chequers_jeans, minivault_24,
          uniq_blork_the_orc, uniq_sigmund
D:6:      layout_rooms

Skill      XL: |  1  2  3  4  5  6  7  8 |
---------------+-------------------------+-----
Stealth        | 7 |  7.3
Transmutations | 2 4 6 7 8 |  8.3
Fighting       | |  3.6
Short Blades   | |  2.1
Dodging        | |  2.8

Action                   |  1- 3 |  4- 6 |  7- 9 || total
-------------------------+-------+-------+-------++-------
Melee: Short sword       |    38 |    94 |    29 ||   161
       Constrict         |     8 |    19 |     5 ||    32
       Tentacles         |     7 |    17 |     8 ||    32
       Punch             |     1 |     4 |     1 ||     6
       Unarmed           |       |    50 |    50 ||   100
 Cast: Spider Form       |       |     5 |     5 ||    10
  Use: Scroll            |       |     6 |     6 ||    12
 Stab: Sleeping          |     6 |    19 |     7 ||    32
Armor: Skin              |       |    13 |    13 ||    26
Dodge: Dodged            |    18 |    81 |    80 ||   179
